 Dungeon Crawl Stone Soup version 0.28-a0-1286-g6bde065e89 (webtiles) character file.

Game seed: 9559801521366404988

72 wakim the Caller (level 4, -6/18 HPs)
             Began as a Felid Summoner on Dec 26, 2021.
             Mangled by a gnoll (17 damage)
             ... on level 4 of the Dungeon.
             The game lasted 00:33:42 (3637 turns).

wakim the Caller (Felid Summoner)                   Turns: 3637, Time: 00:33:43

Health: -6/18      AC:  1    Str:  4    XL:     4   Next: 7%
Magic:  0/10       EV: 17    Int: 18    God:
Gold:   149        SH:  0    Dex: 16    Spells: 2/10 levels left
                                        Lives:  0   Deaths: 1

rFire   . . .      SeeInvis +   (weapon unavailable)
rCold   . . .      Faith    .   (shield unavailable)
rNeg    . . .      Spirit   .   (armour unavailable)
rPois   .          Reflect  .   (helmet unavailable)
rElec   .          Harm     .   (cloak unavailable)
rCorr   .          Rampage  .   (gloves unavailable)
Will    .....                   (boots unavailable)
Stlth   ++........              (no amulet)
HPRegen 0.06/turn               (no ring)
MPRegen 0.12/turn               (no ring)

@: quick
A: very small, claws 1, fangs 3, see invisible, speed 1, shaggy fur 1, stealthy
paws, no weapons or thrown items, no armour, multi-lived
a: no special abilities


You were on level 4 of the Dungeon.
You visited 1 branch of the dungeon, and saw 4 of its levels.

You collected 149 gold pieces.

Inventory:

Scrolls
 h - 2 scrolls of amnesia
Potions
 b - 2 potions of curing {unknown}
 c - a potion of might {unknown}
 d - a potion of magic {unknown}
 g - a potion of brilliance {unknown}
 i - a potion of invisibility {unknown}
 j - a potion of mutation {unknown}
 k - a potion of berserk rage {unknown}


   Skills:
 - Level 2.6 Dodging
 - Level 2.6 Stealth
 - Level 3.5 Spellcasting
 + Level 1.0 Hexes
 + Level 5.3 Summonings


You had 2 spell levels left.
You knew the following spells:

 Your Spells              Type           Power      Damage    Failure   Level
b - Summon Guardian Gole  Hex/Summ       14%        N/A       13%         3
c - Call Canine Familiar  Summ           22%        N/A       5%          3
x - Call Imp              Summ           22%        N/A       2%          2

Your spell library contained the following spells:

 Spells                   Type           Power      Damage    Failure   Level
 Summon Small Mammal      Summ           88%        N/A       1%          1
 Summon Lightning Spire   Summ/Air       12%        N/A       45%         4


Dungeon Overview and Level Annotations

Branches:
Dungeon (4/15)
 Temple: D:4-7

Altars:

Annotations:
D:3 Ijyb
D:4 Blork the orc


Innate Abilities, Weirdness & Mutations

You have sharp claws.
You have razor-sharp teeth.
You have supernaturally acute eyesight. (SInv)
You cover ground quickly. (Speed+)
You are covered in fur. (AC +1)
Your paws help you pounce on unaware monsters.
You are incapable of wielding weapons or throwing items.
You cannot wear armour.
You gain extra lives every three experience levels.


Message History

Okay, then.
Okay, then.
You closely miss the jackal. The jackal barely misses your hound.
Your hound bites the jackal.
The jackal dies!
Your Hexes skill increases to level 1!
You completely miss the jackal. Your bite misses the jackal.
Your hound bites the jackal.
The jackal completely misses you.
You scratch the jackal but do no damage.
The jackal is lightly wounded.
Your hound closely misses the jackal.
The jackal closely misses you. The gnoll misses you.
Your hound closely misses the jackal.
You scratch the jackal.
The jackal is almost dead.
The jackal misses you. The gnoll misses you.
Your hound bites the jackal.
The jackal dies!
You swap places.
The gnoll misses you.
Casting: Call Canine Familiar (quite dangerous; 5% risk of failure)
Confirm with . or Enter, or press ? or * to list all spells.
A beastly little devil appears in a puff of flame.
Your crimson imp says, "You called?"
The gnoll shouts!
The gnoll closely misses you. What are your orders? t - Meow!
Orders for allies: a - Attack new target. p - Attack previous target. r - Retreat! s - Stop attacking. g - Guard the area. f - Follow me.
Anything else - Cancel.
Gang up on whom?
Press: ? - help, Dir - move target, f - gnoll, p - gnoll
Aim: a gnoll, wielding a +0 halberd (ally target) Attack!
Your hound bites the gnoll.
The gnoll barely misses your crimson imp.
The gnoll hits you from afar with a +0 halberd.
Your crimson imp hits the gnoll but does no damage.
Your hound bites the gnoll.
The gnoll hits you from afar with a +0 halberd!
Ouch! That really hurt!
You die...

##....#......
.#............
.#...........##
###.....##....#
..g.[....#...#
>.#......#.?.###
.###..g.ยง...##.##
.# #.##g.....#5h##
###..###.##..gg.@#
# ##..##..#.g#g.##
#.........####
##..##.#### ###
#.# ###


You could see 4 gnolls, a friendly hound (summoned) and a friendly crimson imp
(summoned).

Vanquished Creatures
  A giant cockroach (D:2)
  A bat (D:2)
  A rat (D:1)
3 creatures vanquished.

Vanquished Creatures (collateral kills)
  Natasha (D:3)
  4 adders
  A worm (D:2)
  A dart slug (D:2)
  An orc (D:4)
  9 endoplasms
  5 giant cockroaches
  7 goblins
  4 hobgoblins
  2 jackals (D:4)
  6 quokkas
  7 ball pythons
  A bat (D:2)
  4 frilled lizards (D:1)
  4 kobolds
  5 rats
62 creatures vanquished.

Grand Total: 65 creatures vanquished

Notes
Turn   | Place    | Note
-------+----------+-------------------------------------------
     0 | D:1      | wakim the Felid Summoner began the quest for the Orb.
     0 | D:1      | Reached XP level 1. HP: 7/7 MP: 4/4
   281 | D:1      | Reached XP level 2. HP: 11/11 MP: 3/6
   304 | D:1      | Learned a level 2 spell: Call Imp
   869 | D:1      | Found a faded altar of an unknown god.
  1281 | D:2      | Reached XP level 3. HP: 14/14 MP: 1/8
  1285 | D:2      | Learned a level 3 spell: Call Canine Familiar
  2408 | D:3      | Reached XP level 4. HP: 18/18 MP: 9/9
  2545 | D:3      | Noticed Ijyb
  2656 | D:3      | Reached skill level 5 in Summonings
  2863 | D:3      | Noticed Natasha
  2873 | D:3      | Killed Natasha
  3018 | D:3      | Learned a level 3 spell: Summon Guardian Golem
  3516 | D:4      | Noticed Blork the orc
  3548 | D:4      | Killed from afar by Blork the orc
  3549 | D:4      | Reached XP level 3. HP: 0/14 MP: 4/9
  3566 | D:4      | Reached XP level 4. HP: 18/18 MP: 6/10
  3630 | D:4      | Reached skill level 1 in Hexes
  3637 | D:4      | Mangled by a gnoll

Illustrated notes

Levels and vault maps discovered:
D:1:      dpeg_arrival_prison, layout_loops_ring,
          shapermc_ecumenical_altar_notcrosses
D:2:      layout_loops_cross, minmay_puff
D:3:      layout_loops_corners, st_stairs_10, minivault_27, uniq_natasha,
          uniq_ijyb
D:4:      layout_cave_pools, minmay_temple_entry_waves, serial_shops,
          nicolae_shop_behind_doors, hangedman_abyss_or_decor_lesser_grid,
          kennysheep_generic_room_10, uniq_blork_the_orc

Skill      XL: |  1  2  3  4 |
---------------+-------------+-----
Spellcasting   | 3 |  3.5
Summonings     | 5 |  5.3
Hexes          | 1 |  1.0
Dodging        | |  2.6
Stealth        | |  2.6

Action                   |  1- 3 |  4- 6 || total
-------------------------+-------+-------++-------
Melee: Unarmed           |     6 |    10 ||    16
       Bite              |     1 |       ||     1
 Cast: Summon Small Mamm |    17 |     1 ||    18
       Call Imp          |    34 |    11 ||    45
       Call Canine Famil |       |     6 ||     6
  Use: Scroll            |     1 |     4 ||     5
Armor: Skin              |     2 |     1 ||     3
Dodge: Dodged            |    17 |    16 ||    33

Table legend: (Time is in decaauts)
 A = Elapsed time spent in this place.
 B = Non-inter-level travel time spent in this place.
 C = Inter-level travel time spent in this place.
 D = Time resting spent in this place.
 E = Time spent auto-exploring this place.
 F = Levels seen in this place.
 G = Mean time per level.
                   A        B        C        D        E       F      G
               +--------+--------+--------+--------+--------+-----+--------+
         Total |   3063 |   2745 |    318 |    194 |    542 |   4 |  765.8 |
       Dungeon |   3063 |   2745 |    318 |    194 |    542 |   4 |  765.8 |
               +--------+--------+--------+--------+--------+-----+--------+

Top non-repeatable levels by time:
     D:2: 1166 daAuts
     D:3: 892 daAuts
     D:1: 816 daAuts
     D:4: 187 daAuts
